AoeStats
← [ KOF ] M. Kowalski

Arabia

503897360Analyzed
1v1 RM · 28d ago on Sep 2, 2026· 48m 0s· 2 players
Game mode
Random Map
Map size
Tiny (2 player)
Population
200
Speed
Normal
Resources
Standard
Victory
Conquest
Starting age
Dark Age
Ending age
Imperial Age
RankedLock teamsTeams togetherTeam positionsShared explorationLock speedFull tech treeHidden civsTurbo modeCheats
Victory
Defeat
🇦🇷 Khitans · Argentina
1127
+15
🇲🇽 Maya · Mexico
1102
-15
[JDA] Rafael
0:25 Loom
10:20 Feudal Age
11:34 Double-Bit Axe
13:38 Fletching
18:10 Scale Mail Armor
24:23 Castle Age
23:12 Forging
23:00 Horse Collar
23:15 Gold Mining
24:28 Eagle Warrior
25:27 Chain Mail Armor
25:53 Squires
27:30 Crossbowman
28:15 Bodkin Arrow
28:54 Thumb Ring
30:19 Padded Archer Armor
31:03 Wheelbarrow
31:29 Ballistics
33:17 Leather Archer Armor
35:24 Iron Casting
35:17 Hand Cart
41:18 Imperial Age
43:00 Bracer
42:25 Pikeman
42:45 Arbalester
44:06 Plate Mail Armor
46:05 Chemistry
44:31 Halberdier
[ KOF ] M. Kowalski
6:11 Loom
9:34 Feudal Age
10:26 Double-Bit Axe
14:07 Town Watch
15:48 Fletching
16:42 Padded Archer Armor
22:01 Castle Age
20:14 Domestication
20:44 Gold Mining
23:22 Forging
23:58 Wheelbarrow
22:51 Man-at-Arms
23:36 Squires
24:47 Iron Casting
23:58 Long Swordsman
25:14 Scale Mail Armor
25:32 Elite Skirmisher
26:39 Chain Mail Armor
27:12 Gambesons
28:50 Arson
30:01 Bodkin Arrow
31:15 Leather Archer Armor
36:50 Imperial Age
37:19 Ballistics
37:10 Masonry
38:07 Bracer
38:43 Bow Saw
39:21 Thumb Ring
39:58 Ring Archer Armor
41:03 Chemistry
40:26 Ballistics
40:46 Conscription
41:23 Husbandry
40:43 Light Cavalry
42:44 Chemistry
42:25 Scale Barding Armor
46:28 Two-Handed Swordsman
47:55 Plate Mail Armor
48:12 Murder Holes
Connection lost

Rejoining the realm…

Still unreachable

The connection could not be restored.

Session expired

The server has moved on; the page needs a fresh start.